 Dungeon Crawl Stone Soup version 0.29.1 (webtiles) character file.

Game seed: 13307624671802430675

1801 greasedhog the Thaumaturge (level 9, -12/67 HPs)
             Began as a Gnoll Wanderer on Sept 14, 2022.
             Was an Elder of Nemelex Xobeh.
             Killed from afar by Maggie (29 damage)
             ... with a bolt of fire
             ... on level 6 of the Dungeon.
             The game lasted 00:09:46 (7457 turns).

greasedhog the Thaumaturge (Gnoll Wanderer)         Turns: 7457, Time: 00:09:47

Health: -12/67     AC:  4    Str: 18    XL:     9   Next: 9%
Magic:  8/21       EV: 12    Int: 20    God:    Nemelex Xobeh [****..]
Gold:   259        SH:  4    Dex: 11    Spells: 2/24 levels left

rFire   . . .      SeeInvis .   n - +0 short sword
rCold   + . .      Faith    .   t - +0 buckler
rNeg    . . .      Spirit   .   w - +0 robe "Anadof" {Str+8 Int+2}
rPois   .          Reflect  .   (no helmet)
rElec   .          Harm     .   k - +0 cloak
rCorr   .          Rampage  .   (no gloves)
Will    +....                   z - +0 pair of boots
Stlth   +++.......              (no amulet)
HPRegen 0.21/turn               r - ring of protection from cold
MPRegen 0.17/turn               j - ring of willpower

@: no status effects
A: fangs 1, strong nose, distributed training
a: Renounce Religion, Draw Escape, Draw Destruction, Draw Summoning, Triple
Draw, Deal Four


You were on level 6 of the Dungeon.
You worshipped Nemelex Xobeh.
Nemelex Xobeh was greatly pleased with you.
You visited 1 branch of the dungeon, and saw 6 of its levels.

You collected 259 gold pieces.

Inventory:

Hand Weapons
 n - a +0 short sword (weapon)
Missiles
 b - 13 poisoned darts
 g - 4 datura-tipped darts
Armour
 k - a +0 cloak (worn)
 t - a +0 buckler (worn)
 w - the +0 robe "Anadof" (worn) {Str+8 Int+2}
   (You found it on level 5 of the Dungeon)

   Str:       It affects your strength (+8).
   Int:       It affects your intelligence (+2).
 z - a +0 pair of boots (worn)
Jewellery
 j - a ring of willpower (right hand)
 r - a ring of protection from cold (left hand)
Wands
 p - a wand of flame (48)
 u - a wand of mindburst (12)
 v - a wand of quicksilver (8)
 y - a wand of digging (6)
Scrolls
 a - 3 scrolls of enchant armour {unknown}
 d - 2 scrolls of magic mapping {unknown}
 e - 2 scrolls of amnesia {unknown}
 i - 3 scrolls of identify {unknown}
 l - 2 scrolls of noise {unknown}
 q - a scroll of brand weapon {unknown}
 s - 2 scrolls of teleportation {unknown}
Potions
 c - 2 potions of brilliance
 f - 6 potions of curing
 h - a potion of lignification {unknown}
 m - 2 potions of degeneration {unknown}
 o - a potion of magic {unknown}
 x - a potion of might {unknown}


   Skills:
 + Level 4.9 Fighting
 + Level 4.0 Short Blades
 + Level 4.0 Long Blades
 + Level 4.0 Axes
 + Level 4.0 Maces & Flails
 + Level 4.0 Polearms
 + Level 4.0 Staves
 + Level 4.0 Ranged Weapons
 + Level 4.9 Throwing
 + Level 4.0 Armour
 + Level 4.0 Dodging
 + Level 4.7 Stealth
 + Level 4.0 Shields
 + Level 4.0 Unarmed Combat
 + Level 8.3 Spellcasting
 + Level 3.3 Conjurations
 + Level 3.3 Hexes
 + Level 3.3 Summonings
 + Level 3.3 Necromancy
 + Level 3.3 Translocations
 + Level 3.3 Transmutations
 + Level 7.9 Fire Magic
 + Level 3.3 Ice Magic
 + Level 3.3 Air Magic
 + Level 3.3 Earth Magic
 + Level 3.3 Poison Magic
 + Level 4.4 Invocations
 + Level 4.0 Evocations


You had 2 spell levels left.
You knew the following spells:

 Your Spells              Type           Power      Damage    Failure   Level
a - Foxfire               Conj/Fire      100%       2x1d9     1%          1
b - Conjure Flame         Conj/Fire      30%        6-21      3%          3
c - Sticky Flame          Conj/Fire      30%        2d5       11%         4
d - Scorch                Fire           80%        2d9       1%          2
e - Flame Wave            Conj/Fire      30%        2d9       11%         4
f - Ignition              Fire           20%        3d7       100%        8

Your spell library contained the following spells:

 Spells                   Type           Power      Damage    Failure   Level
 Sting                    Tmut/Pois      84%        1d7       2%          1
 Mephitic Cloud           Conj/Pois/Air  21%        N/A       8%          3
 Ozocubu's Armour         Ice            21%        N/A       8%          3
 Olgreb's Toxic Radiance  Pois           21%        N/A       26%         4
 Metabolic Englaciation   Hex/Ice        10%        N/A       58%         5
 Simulacrum               Ice/Necr       10%        N/A       99%         6
 Summon Cactus Giant      Summ           10%        N/A       99%         6
 Ozocubu's Refrigeration  Ice            10%        4d9       100%        7


Dungeon Overview and Level Annotations

Branches:
Dungeon (6/15)
 Temple: D:4-7

Altars:
Cheibriados
Nemelex Xobeh
Wu Jian
Zin
The Shining One

Shops:
D:3 (   D:4 (

Annotations:
D:6 Maggie


Innate Abilities, Weirdness & Mutations

You have very sharp teeth.
Your uncanny sense of smell can sniff out nearby items.
Your experience applies equally to all skills.


Message History

You are too injured to fight recklessly!
You are too injured to fight recklessly!
Unknown command.
You are too injured to fight recklessly!
Unknown command.
Casting: Foxfire (safe; 1% risk of failure)
Confirm with . or Enter, or press ? or * to list all spells.
You conjure some foxfire!
The foxfire hits Maggie.
Maggie is severely wounded.
The foxfire hits the centaur.
The centaur is moderately wounded.
Unknown command.
Casting: Foxfire (safe; 1% risk of failure)
Confirm with . or Enter, or press ? or * to list all spells.
Casting: Flame Wave (dangerous; 11% risk of failure)
Press: ? - help, Dir - look around, f - activate A wave of flame ripples out!
The flame wave engulfs your foxfire.
Your foxfire completely resists.
The flame wave engulfs your foxfire.
Your foxfire completely resists. (Press . to intensify the flame waves.)
The foxfire hits Maggie but does no damage.
Maggie is severely wounded.
The foxfire hits Maggie but does no damage.
Maggie is severely wounded.
The centaur shoots an arrow.
The arrow barely misses you.
The centaur shoots an arrow.
The arrow hits you!
* * * LOW HITPOINT WARNING * * *
Maggie casts a spell.
Maggie attempts to bespell you! You resist with almost no effort.
A wave of flame ripples out!
The flame wave engulfs Maggie.
Maggie is severely wounded.
The flame wave engulfs the centaur!
The centaur is severely wounded.
The centaur shoots an arrow.
The arrow hits you.
* * * LOW HITPOINT WARNING * * *
Maggie points at you and mumbles some strange words.
The bolt of fire hits you!!
You die...
Your body glows with a rainbow of weird colours and disappears.

... .#....... ..
#........ #.##........
....................
##.........##........
#..@c................
#...!......##........
##...@§..#..#...#.....
#....§..##............
##.......####...#......
#...........#..<.......
##..........##.#.#.....
##..#.........#.#.....
#####.....##.........
###.............#
####......##...#


You could see Maggie and a centaur.

Vanquished Creatures
  Pikel (D:5)
  Sigmund (D:5)
  Eustachio (D:5)
  Menkaure (D:4)
  Edmund (D:5)
  An ice beast (D:5)
  3 ogres
  A scorpion (D:4)
  A hound (D:5)
  2 orc priests
  2 iguanas
  Natasha (thrice) (D:3)
  An orc wizard (D:4)
  Terence (D:3)
  Robin (D:4)
  4 gnolls (D:5)
  4 adders
  A worm (D:2)
  3 dart slugs
  10 orcs
  4 ball pythons
  5 bats
  6 endoplasms
  2 giant cockroaches
  14 goblins
  5 hobgoblins
  4 jackals (D:3)
  A quokka (D:2)
  A frilled lizard (D:1)
  5 kobolds
  22 rats
112 creatures vanquished.

Vanquished Creatures (others)
  428 foxfires
  A fungus (D:1)
  A plant (D:1)
430 creatures vanquished.

Grand Total: 542 creatures vanquished

Notes
Turn   | Place    | Note
-------+----------+-------------------------------------------
     0 | D:1      | greasedhog the Gnoll Wanderer began the quest for the Orb.
     0 | D:1      | greasedhog set off with the following items: a +0 dagger,
                  | 13 poisoned darts, a potion of brilliance, a +0 robe; and
                  | the following spells available to memorise: Foxfire,
                  | Conjure Flame, Sting, Sticky Flame, Mephitic Cloud.
     0 | D:1      | Reached XP level 1. HP: 17/17 MP: 8/8
     2 | D:1      | Learned a level 1 spell: Foxfire
   283 | D:1      | Reached XP level 2. HP: 5/23 MP: 10/10
  1501 | D:1      | Found a faded altar of an unknown god.
  1612 | D:1      | Prayed at the altar of an unknown god.
  1612 | D:1      | Became a worshipper of Nemelex Xobeh the Trickster
  1612 | D:1      | Reached * piety under Nemelex Xobeh
  1612 | D:1      | Received a gift from Nemelex Xobeh
  1812 | D:2      | Reached XP level 3. HP: 23/28 MP: 11/11
  1966 | D:2      | Reached skill level 1 in Invocations
  2041 | D:2      | Reached ** piety under Nemelex Xobeh
  2059 | D:2      | Learned a level 3 spell: Conjure Flame
  2070 | D:2      | Received a gift from Nemelex Xobeh
  2297 | D:2      | Reached skill level 1 in Short Blades
  2297 | D:2      | Reached skill level 1 in Long Blades
  2297 | D:2      | Reached skill level 1 in Axes
  2297 | D:2      | Reached skill level 1 in Maces & Flails
  2297 | D:2      | Reached skill level 1 in Polearms
  2297 | D:2      | Reached skill level 1 in Staves
  2297 | D:2      | Reached skill level 1 in Ranged Weapons
  2297 | D:2      | Reached skill level 1 in Armour
  2297 | D:2      | Reached skill level 1 in Dodging
  2297 | D:2      | Reached skill level 1 in Shields
  2297 | D:2      | Reached skill level 1 in Unarmed Combat
  2297 | D:2      | Reached skill level 1 in Evocations
  3015 | D:3      | Reached XP level 4. HP: 32/34 MP: 13/13
  3146 | D:3      | Found a snail-covered altar of Cheibriados.
  3154 | D:3      | Learned a level 4 spell: Sticky Flame
  3186 | D:3      | Noticed Terence
  3193 | D:3      | Killed Terence
  3194 | D:3      | Reached skill level 1 in Conjurations
  3194 | D:3      | Reached skill level 1 in Hexes
  3194 | D:3      | Reached skill level 1 in Summonings
  3194 | D:3      | Reached skill level 1 in Necromancy
  3194 | D:3      | Reached skill level 1 in Translocations
  3194 | D:3      | Reached skill level 1 in Transmutations
  3194 | D:3      | Reached skill level 1 in Ice Magic
  3194 | D:3      | Reached skill level 1 in Air Magic
  3194 | D:3      | Reached skill level 1 in Earth Magic
  3194 | D:3      | Reached skill level 1 in Poison Magic
  3338 | D:3      | Found Exkirir's Antique Weapon Shoppe.
  3395 | D:3      | Found a glowing silver altar of Zin.
  3663 | D:3      | Noticed Natasha
  3670 | D:3      | Killed Natasha
  3671 | D:3      | Reached XP level 5. HP: 18/40 MP: 9/14
  4006 | D:3      | Learned a level 2 spell: Scorch
  4011 | D:3      | Learned a level 4 spell: Flame Wave
  4015 | D:3      | Reached *** piety under Nemelex Xobeh
  4274 | D:3      | Found a glowing golden altar of the Shining One.
  4274 | D:3      | Found an ornate altar of the Wu Jian Council.
  4406 | D:3      | Noticed Natasha
  4415 | D:3      | Killed Natasha
  4545 | D:3      | Noticed Natasha
  4549 | D:3      | Killed Natasha
  4550 | D:3      | Reached XP level 6. HP: 39/47 MP: 11/16
  4631 | D:4      | Noticed Menkaure
  4638 | D:4      | Killed Menkaure
  4762 | D:4      | Received a gift from Nemelex Xobeh
  4859 | D:4      | Reached XP level 7. HP: 52/52 MP: 5/18
  5187 | D:4      | Noticed Robin
  5191 | D:4      | Killed Robin
  5533 | D:4      | Found Hahaorre's Antique Weapon Shop.
  5787 | D:5      | Entered Level 5 of the Dungeon
  6002 | D:5      | Noticed Pikel
  6003 | D:5      | Noticed Eustachio
  6023 | D:5      | Killed Pikel
  6024 | D:5      | Reached skill level 8 in Spellcasting
  6024 | D:5      | Reached XP level 8. HP: 28/61 MP: 6/20
  6209 | D:5      | Killed Eustachio
  6217 | D:5      | Identified the +0 robe "Anadof" {Str+8 Int+2}
  6301 | D:5      | Noticed Sigmund
  6314 | D:5      | Killed Sigmund
  6343 | D:5      | Learned a level 8 spell: Ignition
  6468 | D:5      | Noticed Edmund
  6487 | D:5      | Killed Edmund
  6794 | D:5      | Reached XP level 9. HP: 66/66 MP: 18/21
  6838 | D:5      | Received a gift from Nemelex Xobeh
  6882 | D:5      | Found a sparkling altar of Nemelex Xobeh.
  7213 | D:5      | Reached **** piety under Nemelex Xobeh
  7443 | D:6      | Received a gift from Nemelex Xobeh
  7446 | D:6      | Noticed Maggie
  7457 | D:6      | Killed from afar by Maggie

Illustrated notes

Levels and vault maps discovered:
D:1:      dreamdust_arrival_beginning_and_end, layout_basic,
          shapermc_ecumenical_altar_petra, minivault_11
D:2:      layout_loops_corners, hangedman_decor_peaks_small, minmay_rat_hole
D:3:      layout_basic, lemuel_round_altar, mainiacjoe_overflow_small_starburst,
          gammafunk_temple_overflow_wave, serial_shops, nicolae_shop_waterfront,
          nicolae_elevator_lobby_plus, uniq_terence, uniq_natasha
D:4:      layout_cave_pools, serial_shops, nicolae_shop_overgrown_old_shop,
          uniq_menkaure, uniq_robin
D:5:      layout_basic, nemelex_spade_bored_becter, nrook_mini_backslash,
          minmay_stone_trees_small, uniq_pikel, uniq_sigmund, uniq_edmund,
          uniq_eustachio
D:6:      layout_cave_pools, fedhas_altar_2, minmay_temple_entry_antechambers,
          serial_shops, nicolae_shop_advertising_works
          [nicolae_subvault_shop_adworks], kennysheep_generic_room_4,
          uniq_prince_ribbit1, uniq_maggie

Skill      XL: |  1  2  3  4  5  6  7  8  9 |
---------------+----------------------------+-----
Invocations    | 1 2 3 4 |  4.4
Short Blades   | 1 2 3 4 |  4.0
Long Blades    | 1 2 3 4 |  4.0
Axes           | 1 2 3 4 |  4.0
Maces & Flails | 1 2 3 4 |  4.0
Polearms       | 1 2 3 4 |  4.0
Staves         | 1 2 3 4 |  4.0
Ranged Weapons | 1 2 3 4 |  4.0
Armour         | 1 2 3 4 |  4.0
Dodging        | 1 2 3 4 |  4.0
Shields        | 1 2 3 4 |  4.0
Unarmed Combat | 1 2 3 4 |  4.0
Evocations     | 1 2 3 4 |  4.0
Conjurations   | 1 2 3 |  3.3
Hexes          | 1 2 3 |  3.3
Summonings     | 1 2 3 |  3.3
Necromancy     | 1 2 3 |  3.3
Translocations | 1 2 3 |  3.3
Transmutations | 1 2 3 |  3.3
Ice Magic      | 1 2 3 |  3.3
Air Magic      | 1 2 3 |  3.3
Earth Magic    | 1 2 3 |  3.3
Poison Magic   | 1 2 3 |  3.3
Fighting       | 3 4 |  4.9
Throwing       | 3 4 |  4.9
Stealth        | 3 4 |  4.7
Spellcasting   | 8 |  8.3
Fire Magic     | |  7.9

Action                   |  1- 3 |  4- 6 |  7- 9 || total
-------------------------+-------+-------+-------++-------
Melee: Dagger            |   108 |     5 |       ||   113
       Bite              |    15 |     3 |     4 ||    22
       Short sword       |       |    35 |    18 ||    53
Throw: Dart              |     1 |       |       ||     1
 Cast: Foxfire           |    47 |    60 |   153 ||   260
       Sticky Flame      |       |     2 |     1 ||     3
       Scorch            |       |    11 |    10 ||    21
       Flame Wave        |       |       |     3 ||     3
Invok: Draw Destruction  |       |     1 |       ||     1
  Use: Scroll            |     1 |       |       ||     1
       Potion            |       |       |     2 ||     2
 Stab: Sleeping          |     2 |     2 |       ||     4
Armor: Robe              |    32 |     5 |     3 ||    40
Dodge: Dodged            |    77 |    30 |    20 ||   127
Block: Buckler           |       |       |     7 ||     7
